 Dungeon Crawl Stone Soup version 0.32-a0-540-g866d13106e (webtiles) character file.

Game seed: 6201240875931359874

102 Sabo the Chopper (level 4, -2/34 HPs)
             Began as a Coglin Gladiator on Feb 28, 2024.
             Slain by a ribbon worm (4 damage)
             ... on level 2 of the Dungeon.
             The game lasted 00:06:51 (1498 turns).

Sabo the Chopper (Coglin Gladiator)                 Turns: 1498, Time: 00:06:51

Health: -2/34      AC:  5    Str: 16    XL:     4   Next: 78%
Magic:  4/4        EV:  7    Int:  7    God:
Gold:   38         SH:  0    Dex: 16    Spells: 3/3 levels left

rFire   . . .        a - +0 war axe {Dalbir}
rCold   . . .        r - +0 flail {Arif}
rNeg    . . .        b - +0 leather armour
rPois   .            c - +0 helmet
rElec   .            (no cloak)
rCorr   .            p - +0 pair of gloves
SInv    .            (no boots)
Will    .....        (no amulet)
Stlth   +            (ring unavailable)
HPRegen 0.25/turn    (ring unavailable)
MPRegen 0.09/turn

%: no passive effects
@: attractive, held, revving
A: off-hand wielding, slow wielding, warmup strikes, no rings
a: no special abilities


You were on level 2 of the Dungeon.
You visited 1 branch of the dungeon, and saw 2 of its levels.

You collected 38 gold pieces.

Inventory:

Hand Weapons
 a - a +0 war axe (weapon) {Dalbir}
 r - a +0 flail (offhand) {Arif}
Missiles
 d - 3 throwing nets (quivered)
 e - a javelin
 i - 2 boomerangs
Armour
 b - a +0 leather armour (worn)
 c - a +0 helmet (worn)
 p - a +0 pair of gloves (worn)
Scrolls
 h - 2 scrolls of teleportation {unknown}
 j - a scroll of identify {unknown}
 l - a scroll of blinking {unknown}
 n - 2 scrolls of enchant armour {unknown}
Potions
 m - a potion of degeneration {unknown}
 q - a potion of mutation {unknown}


   Skills:
 + Level 2.4 Fighting
 + Level 0.8 Short Blades
 + Level 3.9 Axes
 + Level 1.8 Throwing
 + Level 1.4 Armour
 + Level 3.3 Dodging


You had 3 spell levels left.
You didn't know any spells.
Your spell library contained the following spells:

 Spells                   Type           Power      Damage    Failure   Level
 Sandblast                Erth           0%         2d4       50%         1
 Passwall                 Erth           0%         N/A       86%         3
 Stone Arrow              Conj/Erth      0%         3d7       86%         3
 Brom's Barrelling Bould  Conj/Erth      0%         2d3       99%         4


Dungeon Overview and Level Annotations

Branches:
Dungeon (2/15)

Altars:


Innate Abilities, Weirdness & Mutations

You can wield a second weapon in your off-hand.
It takes a long time for you to wield or remove held weapons.
Your first few attacks do less damage.
Your grasper-arms cannot wear rings.


Message History

The orc is lightly wounded.
You hit the orc but do no damage.
You closely miss something with your +0 war axe.
Something hits you.
* * * LOW HITPOINT WARNING * * *
The orc hits you but does no damage.
You barely miss the orc with your +0 flail.
The orc is lightly wounded.
You hit the orc with your +0 war axe. You hit something but do no damage.
Something hits you but does no damage. The orc hits you but does no damage.
The ribbon worm expels a string of sticky webbing.
The stream of webbing hits you but does no damage.
You are caught in a web!
The web tears apart.
Something hits you but does no damage. The orc hits you but does no damage.
You closely miss the orc with your +0 flail.
The orc is moderately wounded.
You hit the orc but do no damage.
You miss something with your +0 war axe.
You hit the ribbon worm but do no damage.
Something hits you.
* * * LOW HITPOINT WARNING * * *
The orc barely misses you.
The ribbon worm expels a string of sticky webbing.
The stream of webbing misses you. Something hits you but does no damage.
It was a potion of brilliance.
You feel clever all of a sudden. Something hits you but does no damage.
The ribbon worm misses you.
It was a potion of attraction.
You feel attractive to monsters. Something hits you but does no damage.
The ribbon worm expels a string of sticky webbing.
The stream of webbing hits you but does no damage.
You are caught in a web!
It was a potion of cancellation.
Your magical effects are unravelling.
You feel magically purged.
You feel a little less clever now. The ribbon worm bites you.
You die...

..## .. #. .... .. .
...# #. . ..##. #.##.#.
# #.#...##### .#
#....o....###.###
#...{w###.#......
....#..w@†......# .
##.###.#.#.## #### ##
##...## #... ##.## #.##
#...# #.## #### ## #
#...# #.#. [...##
.....#### #...# ####.#.
......
......####...#####......
.....#
#.##...[........#.#....


You could see 2 ribbon worms and an orc.

Vanquished Creatures
  3 gnolls
  3 adders (D:2)
  2 dart slugs (D:2)
  2 ribbon worms (D:2)
  An orc (D:2)
  2 endoplasms
  6 goblins
  4 hobgoblins
  2 kobolds (D:1)
  A quokka (D:2)
  4 ball pythons
  5 bats
  A frilled lizard (D:1)
  2 rats (D:2)
38 creatures vanquished.

Notes
Turn   | Place    | Note
-------+----------+-------------------------------------------
     0 | D:1      | Sabo the Coglin Gladiator began the quest for the Orb.
     0 | D:1      | Reached XP level 1. HP: 16/16 MP: 1/1
   245 | D:1      | Reached XP level 2. HP: 22/22 MP: 2/2
   745 | D:1      | Reached XP level 3. HP: 13/27 MP: 3/3
  1204 | D:2      | Reached skill level 1 in Armour
  1300 | D:2      | Reached XP level 4. HP: 33/34 MP: 4/4
  1495 | D:2      | HP: 1/34 [something (2)]
  1498 | D:2      | Slain by a ribbon worm

Illustrated notes

Levels and vault maps discovered:
D:1:      minmay_arrival_up_and_down, layout_basic, minmay_misc_feat_room
D:2:      layout_loops_cross

Skill      XL: |  1  2  3 |
---------------+----------+-----
Dodging        | 3 |  3.3
Armour         | 1 |  1.4
Fighting       | |  2.4
Short Blades   | |  0.8
Axes           | |  3.9
Throwing       | |  1.8

Action                     |  1- 3 |  4- 6 || total
---------------------------+-------+-------++-------
  Melee: War axe           |    63 |    31 ||    94
         Dagger            |     6 |       ||     6
         Short sword       |    48 |    17 ||    65
         Flail             |       |    12 ||    12
    Use: Potion            |       |     3 ||     3
 Armour: Leather armour    |    50 |    37 ||    87
  Dodge: Dodged            |    50 |    30 ||    80

Table legend: (Time is in decaauts)
 A = Elapsed time spent in this place.
 B = Non-inter-level travel time spent in this place.
 C = Inter-level travel time spent in this place.
 D = Time resting spent in this place.
 E = Time spent auto-exploring this place.
 F = Levels seen in this place.
 G = Mean time per level.
                   A        B        C        D        E       F      G
               +--------+--------+--------+--------+--------+-----+--------+
         Total |   1517 |   1517 |      0 |    313 |      0 |   2 |  758.5 |
       Dungeon |   1517 |   1517 |      0 |    313 |      0 |   2 |  758.5 |
               +--------+--------+--------+--------+--------+-----+--------+

Top non-repeatable levels by time:
     D:1: 905 daAuts
     D:2: 612 daAuts
